 Dungeon Crawl Stone Soup version 0.24-a0-29-g43a6aff (webtiles) character file.

Game seed: 12395592118948159094

1167 ohad the Cleaver (level 8, -1/58 HPs)
             Began as a Formicid Fighter on Feb 2, 2019.
             Was an Initiate of Makhleb.
             Slain by a slime creature (18 damage)
             ... on level 6 of the Dungeon.
             The game lasted 00:11:13 (5608 turns).

ohad the Cleaver (Formicid Fighter)                 Turns: 5608, Time: 00:11:13

Health: -1/58      AC:  3    Str: 22    XL:     8   Next: 67%
Magic:  0/8        EV:  4    Int:  7    God:    Makhleb [......]
Gold:   263        SH: 10    Dex: 12    Spells: 7/7 levels left

rFire    . . .     SeeInvis +   m - +2 war axe (elec)
rCold    . . .     Gourm    .   c - +1 shield
rNeg     . . .     Faith    .   w - +0 plate armour
rPois    .         Spirit   +   (helmet unavailable)
rElec    .         Reflect  .   (no cloak)
rCorr    .         Harm     .   (no gloves)
MR       .....                  (no boots)
Stlth    ..........             E - amulet of guardian spirit
HPRegen  0.19/turn              e - ring of wizardry
MPRegen  0.11/turn              (no ring)

@: corroded
A: permanent stasis, dig shafts and tunnels, four strong arms, antennae 3
a: Dig, Shaft Self, Renounce Religion


You were on level 6 of the Dungeon.
You worshipped Makhleb.
Makhleb was noncommittal.
You were hungry.

You visited 2 branches of the dungeon, and saw 8 of its levels.

You collected 263 gold pieces.

Inventory:

Hand Weapons
 a - a +0 war axe
 m - a +2 war axe of electrocution (weapon)
 x - a +2 vampiric halberd
 A - a +2 whip of electrocution
Missiles
 p - 16 poisoned needles
 q - 2 throwing nets (quivered)
 u - 5 tomahawks
Armour
 b - a +0 scale mail
 c - a +1 shield (worn)
 g - a +3 ring mail
 h - a +0 chain mail
 w - a +0 plate armour (worn)
Jewellery
 e - a ring of wizardry (left hand)
 C - an uncursed ring of ice
 E - an amulet of guardian spirit (around neck)
Wands
 i - a wand of polymorph (5)
Scrolls
 n - 5 scrolls of remove curse
 y - a scroll of immolation
 B - a scroll of amnesia
Potions
 j - a potion of brilliance
 k - 2 potions of haste
 l - a potion of heal wounds {unknown}
 o - 3 potions of flight
 s - a potion of cancellation
 t - 2 potions of curing
 z - 2 potions of agility
Comestibles
 f - 20 rations


   Skills:
 - Level 3.2 Fighting
 + Level 9.9 Axes
 - Level 3.2 Armour
 - Level 3.6 Shields


You had 7 spell levels left.
You didn't know any spells.
Your spell library contained the following spells:

 Spells                   Type           Power        Failure   Level  Hunger
 Confusing Touch          Hex            #.....       100%        1    ##.....
 Confuse                  Hex            #.......     100%        3    ####...
 Gell's Gravitas          Tloc           #.........   100%        3    ####...
 Petrify                  Tmut/Erth      #.......     100%        4    #####..
 Metabolic Englaciation   Hex/Ice        #.........   100%        5    ######.
 Yara's Violent Unravell  Hex/Tmut       #.........   100%        5    ######.


Dungeon Overview and Level Annotations

Branches:
Dungeon (7/15)             Temple (1/1) D:5

Altars:
Ashenzari
Cheibriados
Dithmenos
Elyvilon
Fedhas
Gozag
Hepliaklqana
Kikubaaqudgha
Makhleb
Nemelex Xobeh
Okawaru
Qazlal
Ru
Sif Muna
Trog
Uskayaw
Vehumet
Wu Jian
Xom
Yredelemnul
Zin
The Shining One

Shops:
D:4 [


Innate Abilities, Weirdness & Mutations

You cannot be hasted, slowed, berserked, paralysed or teleported.
You can dig through walls and to a lower floor.
Your four strong arms can wield two-handed weapons with a shield.
You have a pair of large antennae on your head. (SInv)


Message History

You kill the ooze!
Makhleb accepts your kill.
Unknown command.
You extend your mandibles.
You dig through the rock wall.
You dig through the rock wall.
The slime creature hits you!
You dig through the rock wall.
You are feeling hungry.
You dig through the rock wall.
You retract your mandibles.
There is an escape hatch in the ceiling here.
The slime creature hits you!! A mysterious force pulls you upwards.
The hatch slams shut behind you.
Unknown command.
Unknown command.
Unknown command.
The slime creature hits you.
* * * LOW HITPOINT WARNING * * *
The slime creature hits you!!
You die...

#####.....##.#.#.####.#
##.?..##.#.#?(....#
#....##.#.##.#####
#.##.##.#....#
#.##.##.######
#..#..[....##
##.#.##.....#
#.#.#####J.#
#.#.....#.@####
#....##.#..[..#
##.).##....##.#
###...########.#
#...>..........#
#....########### #....#
#....# #####....#


You could see a slime creature.

Vanquished Creatures
  Sigmund (D:4)
  An orc warrior (D:6)
  A bullfrog (D:6)
  2 howler monkeys
  2 bullfrog zombies
  2 hounds
  3 jellies
  3 orc wizards
  An orc priest (D:3)
  A centaur skeleton (D:4)
  2 iguanas
  7 worker ants
  7 gnolls
  An adder (D:3)
  A shadow imp (D:6)
  8 oozes
  2 worms
  3 dart slugs
  3 leopard geckos
  18 orcs
  A ball python (D:6)
  5 bats
  A giant cockroach (D:1)
  3 hobgoblins
  7 jackals
  A quokka (D:4)
  4 frilled lizards
  8 goblins
  3 kobolds
  A leopard gecko skeleton (D:4)
  A quokka skeleton (D:4)
  A quokka zombie (D:7)
  10 rats
115 creatures vanquished.

Vanquished Creatures (others)
  3 fungi (D:7)
3 creatures vanquished.

Grand Total: 118 creatures vanquished

Notes
Turn   | Place    | Note
-------+----------+-------------------------------------------
     0 | D:1      | ohad the Formicid Fighter began the quest for the Orb.
     0 | D:1      | Reached XP level 1. HP: 18/18 MP: 1/1
   204 | D:1      | Reached XP level 2. HP: 24/24 MP: 2/2
   298 | D:1      | You fall through a shaft!
   430 | D:2      | Reached skill level 3 in Axes
   540 | D:2      | Reached XP level 3. HP: 29/29 MP: 3/3
  1584 | D:1      | Reached skill level 4 in Axes
  1584 | D:1      | Reached XP level 4. HP: 35/35 MP: 4/4
  1990 | D:3      | Found a shadowy altar of Dithmenos.
  2102 | D:3      | Reached XP level 5. HP: 14/41 MP: 5/5
  2474 | D:3      | Reached skill level 5 in Axes
  3088 | D:4      | Reached XP level 6. HP: 38/47 MP: 6/6
  3250 | D:3      | Reached skill level 6 in Axes
  3640 | D:4      | Reached XP level 7. HP: 52/52 MP: 7/7
  3692 | D:4      | Reached skill level 7 in Axes
  3805 | D:4      | Noticed Sigmund
  3813 | D:4      | Killed Sigmund
  3945 | D:4      | Found Nuloz's Antique Armour Shop.
  4173 | D:5      | Entered Level 5 of the Dungeon
  4194 | D:5      | Reached skill level 8 in Axes
  4252 | D:5      | Found a staircase to the Ecumenical Temple.
  4271 | D:5      | Reached XP level 8. HP: 56/58 MP: 8/8
  4286 | Temple   | Entered the Ecumenical Temple
  4530 | Temple   | Became a worshipper of Makhleb the Destroyer
  4804 | D:6      | Reached skill level 9 in Axes
  5579 | D:7      | Noticed a slime creature
  5608 | D:6      | Slain by a slime creature

Vault maps used:
D:1:      nagdon_arrival_zigzag_paths
D:3:      nicolae_dithmenos_shadow_blocks, first_ration
D:4:      minmay_bubble_buster, serial_shops, nicolae_shop_window_shopping,
          uniq_sigmund
D:5:      minmay_temple_entry_offerings
D:6:      lemuel_ice_spiral_2
D:7:      lemuel_slime, nicolae_ossuary_entry_false_entrances
Temple:   nicolae_temple_the_god_donut

Skill      XL: |  1  2  3  4  5  6  7  8 |
---------------+-------------------------+-----
Axes           | 3 4 5 6 8 9 |  9.9
Fighting       | |  3.2
Armour         | |  3.2
Shields        | |  3.6

Action                   |  1- 3 |  4- 6 |  7- 9 || total
-------------------------+-------+-------+-------++-------
Melee: War axe           |    81 |   134 |   104 ||   319
 Abil: Dig               |       |     2 |     2 ||     4
  Use: Scroll            |     1 |     5 |    11 ||    17
       Potion            |       |       |     2 ||     2
  Eat: Chunk             |     2 |     7 |     6 ||    15
Armor: Scale mail        |     9 |       |       ||     9
       Chain mail        |    14 |       |       ||    14
       Ring mail         |    11 |    52 |    16 ||    79
       Plate armour      |       |       |     9 ||     9
Dodge: Dodged            |    26 |    42 |    20 ||    88
Block: Shield            |    42 |    90 |    38 ||   170

Table legend:
 A = Non-vault XP
 B = Vault XP
 C = Vault XP percentage of total XP
 D = Non-vault monster count
 E = Vault monster count
 F = Vault count percentage of total count
                 A         B        C        D         E       F
            +---------+---------+-------+---------+---------+-------
      Total |    1306 |     362 |  21.7 |     103 |      12 |  10.4
            +---------+---------+-------+---------+---------+-------
        D:1 |      33 |       0 |   0.0 |      18 |       0 |   0.0
        D:2 |      40 |       0 |   0.0 |      16 |       0 |   0.0
        D:3 |     222 |       0 |   0.0 |      31 |       0 |   0.0
        D:4 |     271 |     237 |  46.7 |      15 |       5 |  25.0
        D:5 |     268 |       0 |   0.0 |       9 |       0 |   0.0
        D:6 |     471 |       0 |   0.0 |      13 |       0 |   0.0
        D:7 |       1 |     125 |  99.2 |       1 |       7 |  87.5
            +---------+---------+-------+---------+---------+-------
